 Dungeon Crawl Stone Soup version 0.29.1-15-g9cfb28693d (webtiles) character file.

Game seed: 10572780120747943051

23 Cheops the Slasher (level 2, 0/22 HPs)
             Began as a Demonspawn Gladiator on Apr 6, 2023.
             Constricted to death by a ball python (1 damage)
             ... on level 1 of the Dungeon.
             The game lasted 00:00:47 (679 turns).

Cheops the Slasher (Demonspawn Gladiator)            Turns: 679, Time: 00:00:47

Health: 0/22       AC:  4    Str: 14    XL:     2   Next: 72%
Magic:  2/2        EV:  9    Int:  9    God:
Gold:   29         SH:  0    Dex: 14    Spells: 1/1 levels left

rFire   . . .      SeeInvis .   a - +0 long sword
rCold   . . .      Faith    .   (no shield)
rNeg    . . .      Spirit   .   b - +0 leather armour
rPois   .          Reflect  .   c - +0 helmet
rElec   .          Harm     .   (no cloak)
rCorr   .          Rampage  .   (no gloves)
Will    .....                   (no boots)
Stlth   +.........              (no amulet)
HPRegen 0.07/turn               (no ring)
MPRegen 0.08/turn               (no ring)

@: constricted
A: foul stench 1
a: no special abilities


You were on level 1 of the Dungeon.
You visited 1 branch of the dungeon, and saw 1 of its levels.

You collected 29 gold pieces.

Inventory:

Hand Weapons
 a - a +0 long sword (weapon)
Missiles
 d - 3 throwing nets (quivered)
 e - a javelin
Armour
 b - a +0 leather armour (worn)
 c - a +0 helmet (worn)
Potions
 f - a potion of mutation {unknown}
 g - a potion of heal wounds {unknown}
 h - a potion of magic {unknown}


   Skills:
 - Level 2.0 Fighting
 + Level 3.7 Long Blades
 - Level 1.7 Throwing
 - Level 2.6 Dodging


You had one spell level left.
You didn't know any spells.
Your spell library was empty.

Dungeon Overview and Level Annotations

Branches:
Dungeon (1/15)

Altars:


Innate Abilities, Weirdness & Mutations

You may rarely emit foul miasma when damaged in melee.


Message History

There are monsters nearby!
You are too injured to fight recklessly!
You are too injured to fight recklessly!
You are too injured to fight recklessly!
You are too injured to fight recklessly!
You are too injured to fight recklessly!
You are too injured to fight recklessly!
You are too injured to fight recklessly!
There are monsters nearby!
There are monsters nearby!
There are monsters nearby!
You barely miss the goblin. The ball python bites you.
* * * LOW HITPOINT WARNING * * *
The ball python constricts you.
* * * LOW HITPOINT WARNING * * *
The goblin hits you with a +0 club.
* * * LOW HITPOINT WARNING * * *
The kobold closely misses you.
You hit the goblin.
The goblin is moderately wounded.
The ball python bites you.
* * * LOW HITPOINT WARNING * * *
The ball python constricts you.
* * * LOW HITPOINT WARNING * * *
The kobold hits you but does no damage. The goblin hits you but does no damage.
The ball python barely misses you. The ball python constricts you.
You barely miss the goblin.
The goblin is moderately wounded.
The ball python barely misses you. The ball python constricts you.
The goblin closely misses you. The kobold closely misses you.
You closely miss the goblin.
The goblin is moderately wounded.
The ball python bites you but does no damage.
The ball python constricts you. The goblin hits you but does no damage.
The kobold hits you with a +0 whip.
* * * LOW HITPOINT WARNING * * *
The ball python bites you.
* * * LOW HITPOINT WARNING * * *
The ball python constricts you.
You die...

#.........#
#....>...##...
#........#....
#........#...#
#........#...#
#........#...#
#........#...#
#........#SgK#
#........#.@.#
#######.##...#
#.##...#
#.##...#
#.##...#
#.##...#
#.##...#
#..#...#
##.##'#####+#


You could see a goblin, a ball python and a kobold.

Vanquished Creatures
  A dart slug (D:1)
  2 endoplasms (D:1)
  2 giant cockroaches (D:1)
  2 goblins (D:1)
  A hobgoblin (D:1)
  3 jackals (D:1)
  A kobold (D:1)
  A quokka (D:1)
  2 ball pythons (D:1)
  A bat (D:1)
  A frilled lizard (D:1)
  A rat (D:1)
18 creatures vanquished.

Notes
Turn   | Place    | Note
-------+----------+-------------------------------------------
     0 | D:1      | Cheops the Demonspawn Gladiator began the quest for the
                  | Orb.
     0 | D:1      | Reached XP level 1. HP: 16/16 MP: 1/1
   153 | D:1      | Reached skill level 3 in Long Blades
   157 | D:1      | Gained mutation: You may rarely emit foul miasma when
                  | damaged in melee. [demonic ancestry]
   157 | D:1      | Reached XP level 2. HP: 20/22 MP: 2/2
   679 | D:1      | HP: 1/22 [ball python (1)]
   679 | D:1      | Constricted to death by a ball python

Illustrated notes

Levels and vault maps discovered:
D:1:      amcnicky_arrival_underground_garden, layout_basic, nrook_uturn

Skill      XL: |  1 |
---------------+----+-----
Long Blades    | 3 |  3.7
Fighting       | |  2.0
Throwing       | |  1.7
Dodging        | |  2.6

Action                   || total
-------------------------++-------
Melee: Long sword        ||    60
       Punch             ||     1
 Stab: Sleeping          ||     1
Armor: Leather armour    ||    21
Dodge: Dodged            ||    60
